 Dungeon Crawl Stone Soup version 0.23.0-3-gf3c87f2df8 (webtiles) character file.

Game seed: 11492225022418890770

21 mitkoXXVII the Magician (level 2, -1/21 HPs)
             Began as a Mummy Ice Elementalist on Feb 22, 2019.
             Slain by a goblin
             ... wielding a +0 club
              (3 damage)
             ... on level 1 of the Dungeon.
             The game lasted 00:03:39 (1626 turns).

mitkoXXVII the Magician (Mummy Ice Elementalist)    Turns: 1626, Time: 00:03:39

Health: -1/21      AC:  4    Str: 11    XL:     2   Next: 65%
Magic:  0/6        EV: 12    Int: 14    God:
Gold:   51         SH:  0    Dex: 12    Spells: 4/7 levels left

rFire    x . .     SeeInvis .   c - +0 hunting sling
rCold    + . .     Gourm    .   (no shield)
rNeg     + + +     Faith    .   a - +0 robe
rPois    ∞         Spirit   .   b - +2 hat
rElec    .         Reflect  .   (no cloak)
rCorr    .         Harm     .   (no gloves)
MR       .....                  (no boots)
Stlth    ++........             (no amulet)
HPRegen  0.07/turn              (no ring)
MPRegen  0.10/turn              (no ring)

@: no status effects
A: no food or potions, fire vulnerability, cold resistance 1, negative energy
resistance 3, torment resistance, unbreathing
a: no special abilities


You were on level 1 of the Dungeon.
You were not hungry.

You visited 1 branch of the dungeon, and saw 2 of its levels.

You collected 51 gold pieces.

Inventory:

Hand Weapons
 c - a +0 hunting sling (weapon)
Armour
 a - a +0 robe (worn)
 b - a +2 hat (worn)


   Skills:
 + Level 1.2 Fighting
 - Level 1.5 Dodging
 - Level 1.5 Stealth
 + Level 3.2 Spellcasting
 - Level 0.7 Conjurations
 + Level 2.7 Ice Magic


You had 4 spell levels left.
You knew the following spells:

 Your Spells              Type           Power        Failure   Level  Hunger
a - Freeze                Ice            #...         7%          1    N/A
b - Throw Frost           Conj/Ice       #.....       16%         2    N/A

Your spell library contained the following spells:

 Spells                   Type           Power        Failure   Level  Hunger
 Ozocubu's Armour         Chrm/Ice       #.......     34%         3    N/A
 Throw Icicle             Conj/Ice       #.......     71%         4    N/A
 Summon Ice Beast         Ice/Summ       #.......     75%         4    N/A

Dungeon Overview and Level Annotations

Branches:
Dungeon (2/15)

Altars:
Ru


Innate Abilities, Weirdness & Mutations

You do not eat or drink.
Your flesh is vulnerable to fire.
You are immune to poison.
Your flesh is cold resistant. (rC+)
You are immune to negative energy. (rN+++)
You are immune to unholy pain and torment.
You can survive without breathing.


Message History

The jackal barely misses you.
There is a stone staircase leading up here.
The goblin barely misses you. The jackal bites you.
* * * LOW HITPOINT WARNING * * *
The jackal bites you.
* * * LOW HITPOINT WARNING * * *
You climb upwards.
There is a stone staircase leading down here.
Casting: Freeze (safe; 7% risk of failure)
Confirm with . or Enter, or press ? or * to list all spells.
Aiming: Freeze (safe; 7% risk of failure)
Press: ? - help, Shift-Dir - straight line, f - goblin
Aim: a goblin, wielding a +0 club You freeze the goblin.
The goblin is moderately wounded.
The goblin completely misses you.
Wield which item (- for none, * to show all)? (? for menu, Esc to quit)
Okay, then.
The goblin hits you with a +0 club.
You die...

### ###########.#
#...........#
#.#########.# #.#
#.# #.# #.# #.###
#.#
#...#######.######
............)hhg@#
###.##############
#)# ####### # #.#
#..)..## #
#.#######.##.#.# #
#.......#.##!#.# #
#..####.#.##.#.#
###..# #...#....#
#....# ########.#


You could see 2 jackals and a goblin.

Vanquished Creatures
  A worm (D:2)
  A leopard gecko (D:2)
  4 goblins
  3 hobgoblins (D:1)
  2 jackals (D:2)
  A ball python (D:1)
  A bat (D:1)
  A kobold (D:1)
  3 rats
17 creatures vanquished.

Notes
Turn   | Place    | Note
-------+----------+-------------------------------------------
     0 | D:1      | mitkoXXVII the Mummy Ice Elementalist began the quest for
                  | the Orb.
     0 | D:1      | Reached XP level 1. HP: 13/13 MP: 4/4
   239 | D:1      | Reached skill level 3 in Spellcasting
   384 | D:1      | Reached XP level 2. HP: 13/20 MP: 0/6
  1183 | D:2      | Found a sacrificial altar of Ru.
  1187 | D:2      | Reached skill level 1 in Fighting
  1263 | D:1      | Learned a level 2 spell: Throw Frost
  1626 | D:1      | Slain by a goblin

Skill      XL: |  1  2 |
---------------+-------+-----
Spellcasting   | 3 |  3.2
Fighting       | 1 |  1.2
Dodging        | |  1.5
Stealth        | |  1.5
Conjurations   | |  0.7
Ice Magic      | |  2.7

Action                   || total
-------------------------++-------
Melee: Unarmed           ||     2
       Hunting sling     ||    30
 Cast: Freeze            ||    33
       Throw Frost       ||     6
Armor: Robe              ||    15
Dodge: Dodged            ||    40
